 Dungeon Crawl Stone Soup version 0.29.0-4-gdea44cf6ec (webtiles) character file.

Game seed: 4568488262579328227

35 qw the Sneak (level 3, 0/23 HPs)
             Began as a Gargoyle Delver on Sept 10, 2022.
             Slain by a kobold brigand
             ... wielding a +1 short sword of speed
              (4 damage)
             ... on level 5 of the Dungeon.
             The game lasted 00:00:05 (207 turns).

qw the Sneak (Gargoyle Delver)                       Turns: 207, Time: 00:00:06

Health: 0/23       AC:  6    Str: 17    XL:     3   Next: 33%
Magic:  3/3        EV: 11    Int: 10    God:
Gold:   16         SH:  0    Dex: 11    Spells: 2/2 levels left

rFire   . . .      SeeInvis .   a - +0 hand axe
rCold   . . .      Faith    .   (no shield)
rNeg    + . .      Spirit   .   b - +0 leather armour
rPois   inf        Reflect  .   (no helmet)
rElec   +          Harm     .   (no cloak)
rCorr   .          Rampage  .   (no gloves)
Will    .....                   (no boots)
Stlth   +++.......              (no amulet)
HPRegen 0.07/turn               (no ring)
MPRegen 0.08/turn               (no ring)

@: no status effects
A: sickness immunity, AC +3, negative energy resistance 1, electricity
resistance, torment resistance 1, petrification resistance
a: no special abilities


You were on level 5 of the Dungeon.
You visited 1 branch of the dungeon, and saw 1 of its levels.

You collected 16 gold pieces.


Innate Abilities, Weirdness & Mutations

You are immune to sickness and miasma.
Your stone body is resilient. (AC +3)
You are immune to poison.
You resist negative energy. (rN+)
You are resistant to electric shocks. (rElec)
You are resistant to unholy torment.
You are immune to petrification.


   Skills:
 - Level 3.2 Fighting
 + Level 3.3 Axes
 - Level 1.5 Dodging
 - Level 5.4 Stealth


You had 2 spell levels left.
You didn't know any spells.
Your spell library was empty.

Inventory:

Hand Weapons
 a - a +0 hand axe (weapon)
Armour
 b - a +0 leather armour (worn)
Wands
 g - a wand of digging (3)
Scrolls
 c - a scroll of fog
 d - a scroll of magic mapping
 e - a scroll of fear
Potions
 f - a potion of haste
 h - a potion of degeneration {unknown}
 i - a potion of berserk rage {unknown}

Dungeon Overview and Level Annotations

Branches:
Dungeon (5/15)
 Temple: D:4-7

Altars:


Message History

You kill the kobold!
The kobold brigand shouts!
You hear a shout! x2
Things that are here:
a +0 dagger; 3 stones
195 ||| Stepping ~*~*~tactically~*~*~ (stealth).
The kobold shouts!
The kobold brigand throws a poisoned dart.
The poisoned dart hits you!
The kobold brigand throws a poisoned dart.
The poisoned dart hits you!
You miss the kobold brigand.
The kobold brigand hits you with a +1 short sword of speed.
A kobold comes into view. It is wielding a +0 short sword.
The kobold brigand hits you with a +1 short sword of speed.
You closely miss the kobold brigand. The kobold brigand closely misses you.
You barely miss the kobold brigand. The kobold brigand misses you.
The kobold brigand barely misses you.
The kobold shouts!
You hit the kobold brigand.
The kobold brigand is moderately wounded.
The kobold brigand hits you but does no damage.
The kobold brigand hits you with a +1 short sword of speed.
You closely miss the kobold brigand.
The kobold brigand is moderately wounded.
The kobold brigand hits you with a +1 short sword of speed.
The kobold brigand closely misses you.
You hit the kobold brigand.
The kobold brigand is heavily wounded.
The kobold brigand hits you with a +1 short sword of speed.
You hit the kobold brigand.
The kobold brigand is severely wounded.
The kobold brigand hits you with a +1 short sword of speed. x2
You hit the kobold brigand.
The kobold brigand is severely wounded.
The kobold brigand closely misses you. x2
You hit the kobold brigand but do no damage.
The kobold brigand is severely wounded.
The kobold brigand hits you with a +1 short sword of speed.
You die...

##.##.#### #....#...#
#.....#### #.....#
##....## # #.....# ##
##....## ###. ###
##....%####...
#@###.......##....
##K##.............#
#KKK.............##
}.KK....K......####....##
..#####..........#.....##
##.................
#.......:......#..
#..#..........###.
###..........## #.


You could see a kobold brigand and 4 kobolds.

Vanquished Creatures
  A howler monkey (D:5)
  A kobold (D:5)
2 creatures vanquished.

Notes
Turn   | Place    | Note
-------+----------+-------------------------------------------
     0 | D:5      | qw the Gargoyle Delver began the quest for the Orb.
     0 | D:5      | Reached XP level 1. HP: 14/14 MP: 1/1
     0 | D:5      | 0 ||| qw: Version: 0.1-a-116-g5d60599
     0 | D:5      | 0 ||| qw: Game counter: 7734
     0 | D:5      | 0 ||| qw: Always use a shield: true
     0 | D:5      | 0 ||| qw: God list: Okawaru
     0 | D:5      | 0 ||| qw: Allow faded altars: false
     0 | D:5      | 0 ||| qw: Do Orc after D:15 true
     0 | D:5      | 0 ||| qw: Do second Lair branch before Depths: true
     0 | D:5      | 0 ||| qw: Lair rune preference: random
     0 | D:5      | 0 ||| qw: Plans: Normal
     0 | D:5      | 0 ||| PLANNING D:1-11
     4 | D:5      | Noticed a howler monkey
    29 | D:5      | Killed a howler monkey
    30 | D:5      | Reached skill level 3 in Axes
    30 | D:5      | Reached XP level 2. HP: 13/19 MP: 2/2
    30 | D:5      | Reached XP level 3. HP: 16/23 MP: 3/3
   181 | D:5      | Noticed a kobold brigand
   182 | D:5      | 182 ||| Stepping ~*~*~tactically~*~*~ (stealth).
   184 | D:5      | 184 ||| Stepping ~*~*~tactically~*~*~ (stealth).
   186 | D:5      | 186 ||| Stepping ~*~*~tactically~*~*~ (stealth).
   188 | D:5      | 188 ||| Stepping ~*~*~tactically~*~*~ (stealth).
   190 | D:5      | 190 ||| Stepping ~*~*~tactically~*~*~ (stealth).
   195 | D:5      | 195 ||| Stepping ~*~*~tactically~*~*~ (stealth).
   205 | D:5      | HP: 5/23 [kobold brigand/+1 short sword of speed (6)]
   207 | D:5      | Slain by a kobold brigand

Levels and vault maps discovered:
D:5:      layout_layer_cave, grunt_temple_overflow_cloverleaf, temple_fountains,
          serial_glass, glass_columns_a, glass_columns_c, item_on_display_a,
          feat_on_display, item_on_display_a, minmay_strange_pillars,
          serial_shops, shop

Skill      XL: |  1 |
---------------+----+-----
Axes           | 3 |  3.3
Fighting       | |  3.2
Dodging        | |  1.5
Stealth        | |  5.4

Action                   || total
-------------------------++-------
Melee: Hand axe          ||    22
 Stab: Sleeping          ||     1
Armor: Leather armour    ||     3
Dodge: Dodged            ||    18

Table legend:
 A = Non-vault XP
 B = Vault XP
 C = Vault XP percentage of total XP
 D = Non-vault monster count
 E = Vault monster count
 F = Vault count percentage of total count
                 A         B        C        D         E       F
            +---------+---------+-------+---------+---------+-------
      Total |      50 |       0 |   0.0 |       2 |       0 |   0.0
            +---------+---------+-------+---------+---------+-------
        D:5 |      50 |       0 |   0.0 |       2 |       0 |   0.0
            +---------+---------+-------+---------+---------+-------
